 Dungeon Crawl Stone Soup version 0.29-a0-520-gc852659d43 (webtiles) character file.

Game seed: 17552417536397533470

90 kae the Firebug (level 4, 0/35 HPs)
             Began as a Demigod Fire Elementalist on May 31, 2022.
             Slain by an orc priest
             ... wielding a +0 war axe
              (2 damage)
             ... on level 3 of the Dungeon.
             The game lasted 00:02:07 (2497 turns).

kae the Firebug (Demigod Fire Elementalist)         Turns: 2497, Time: 00:02:07

Health: 0/35       AC:  2    Str:  9    XL:     4   Next: 11%
Magic:  1/9        EV: 13    Int: 21    God:
Gold:   92         SH:  0    Dex: 20    Spells: 1/7 levels left

rFire   . . .      SeeInvis .   (no weapon)
rCold   . . .      Faith    .   (no shield)
rNeg    . . .      Spirit   .   a - +0 robe
rPois   .          Reflect  .   (no helmet)
rElec   .          Harm     .   (no cloak)
rCorr   .          Rampage  .   (no gloves)
Will    .....                   (no boots)
Stlth   ++........              e - amulet of the acrobat
HPRegen 0.11/turn               f - +6 ring of dexterity
MPRegen 0.11/turn               (no ring)

@: no status effects
A: high MP 1, forlorn, divine attributes
a: no special abilities


You were on level 3 of the Dungeon.
You visited 1 branch of the dungeon, and saw 3 of its levels.

You collected 92 gold pieces.

Inventory:

Armour
 a - a +0 robe (worn)
Jewellery
 e - an amulet of the acrobat (around neck)
 f - a +6 ring of dexterity (left hand)
Scrolls
 h - 4 scrolls of identify
Potions
 b - a potion of magic
 c - a potion of ambrosia
 d - a potion of cancellation {unknown}
 g - a potion of resistance {unknown}


   Skills:
 + Level 1.2 Fighting
 + Level 2.1 Dodging
 - Level 1.7 Stealth
 + Level 2.1 Spellcasting
 * Level 2.1 Conjurations
 * Level 3.4 Fire Magic


You had one spell level left.
You knew the following spells:

 Your Spells              Type           Power      Damage    Failure   Level
a - Foxfire               Conj/Fire      52%        2x1d6     4%          1
b - Scorch                Fire           32%        2d7       5%          2
c - Conjure Flame         Conj/Fire      13%        6-21      14%         3

Your spell library contained the following spells:

 Spells                   Type           Power      Damage    Failure   Level
 Blink                    Tloc           4%         N/A       22%         2
 Inner Flame              Hex/Fire       9%         N/A       22%         3
 Lesser Beckoning         Tloc           2%         N/A       41%         3
 Flame Wave               Conj/Fire      13%        2d6       43%         4
 Manifold Assault         Tloc           2%         N/A       99%         5


Dungeon Overview and Level Annotations

Branches:
Dungeon (3/15)


Innate Abilities, Weirdness & Mutations

You have an increased reservoir of magic. (+10% MP)
You shall have no god before yourself.
Your divine heritage dramatically boosts your attributes as you level up.


Message History

The orc priest is severely wounded.
The orc priest looks satisfied for a moment.
Casting: Foxfire (safe; 4% risk of failure)
Confirm with . or Enter, or press ? or * to list all spells.
You conjure some foxfire!
The orc priest invokes the aid of Beogh against you.
Beogh smites you!
The foxfire hits the orc priest.
The orc priest is almost dead.
The orc priest begins to cast a cantrip, but forgets the words!
Casting: Foxfire (safe; 4% risk of failure)
Confirm with . or Enter, or press ? or * to list all spells.
You conjure some foxfire!
The orc priest barely misses you.
The orc priest hits your foxfire with a +0 war axe.
The foxfire hits the orc priest but does no damage.
The orc priest is almost dead.
The orc priest calls down the wrath of Beogh upon you.
Pain shoots through your body!
* * * LOW HITPOINT WARNING * * *
Casting: Foxfire (safe; 4% risk of failure)
Confirm with . or Enter, or press ? or * to list all spells.
You conjure some foxfire!
The orc priest hits you with a +0 war axe!
* * * LOW HITPOINT WARNING * * *
The orc priest hits your foxfire with a +0 war axe.
The foxfire hits the orc priest.
The orc priest is almost dead.
The orc priest barely misses you.
Casting: Foxfire (safe; 4% risk of failure)
Confirm with . or Enter, or press ? or * to list all spells.
You conjure some foxfire!
The orc priest closely misses you.
The orc priest closely misses your foxfire.
The foxfire hits the orc priest.
The orc priest is almost dead.
The orc priest misses you.
Casting: Foxfire (safe; 4% risk of failure)
Confirm with . or Enter, or press ? or * to list all spells.
You conjure some foxfire!
The orc priest hits you with a +0 war axe.
You die...

########
..##.##
#@v....#
.#...#
#o####.#
##....# #.#
#.# .....#
#)# #.#
####### #...#
#.# #.#
#...†.# #...#
#.#
#.#####.###.#
#...####.#
#.......# #.#
#..o.o...#
#######.###.#
#..#######
#####.....#


You could see an orc priest (ally target).

Vanquished Creatures
  Jessica (D:2)
  2 adders (D:2)
  2 worms (D:2)
  3 dart slugs (D:1)
  An orc (D:3)
  4 ball pythons
  2 endoplasms (D:1)
  A giant cockroach (D:1)
  2 goblins (D:1)
  2 hobgoblins
  A quokka (D:1)
  8 bats
  A frilled lizard (D:1)
  5 kobolds
  3 rats
38 creatures vanquished.

Vanquished Creatures (others)
  169 foxfires
169 creatures vanquished.

Grand Total: 207 creatures vanquished

Notes
Turn   | Place    | Note
-------+----------+-------------------------------------------
     0 | D:1      | kae the Demigod Fire Elementalist began the quest for the
                  | Orb.
     0 | D:1      | Reached XP level 1. HP: 14/14 MP: 5/5
    52 | D:1      | Reached skill level 1 in Conjurations
   360 | D:1      | Reached XP level 2. HP: 22/22 MP: 5/7
   785 | D:1      | Reached skill level 3 in Fire Magic
  1413 | D:2      | Reached skill level 1 in Fighting
  1413 | D:2      | Reached XP level 3. HP: 28/28 MP: 5/8
  1416 | D:2      | Learned a level 2 spell: Scorch
  1420 | D:2      | Learned a level 3 spell: Conjure Flame
  1933 | D:2      | Noticed Jessica
  1946 | D:2      | Killed Jessica
  1947 | D:2      | Reached XP level 4. HP: 26/35 MP: 3/9
  2497 | D:3      | Slain by an orc priest

Illustrated notes

Levels and vault maps discovered:
D:1:      lemuel_arrival_hallway, layout_basic, chequers_hall_statues_wall_a,
          minmay_cupped
D:2:      layout_loops_ring, uniq_jessica
D:3:      wander_river, layout_loops_ring, basic_ecumenical_altar,
          minmay_distorted

Skill      XL: |  1  2  3 |
---------------+----------+-----
Conjurations   | 1 2 |  2.1
Fire Magic     | 3 |  3.4
Spellcasting   | 2 |  2.1
Fighting       | 1 |  1.2
Dodging        | 2 |  2.1
Stealth        | |  1.7

Action                   |  1- 3 |  4- 6 || total
-------------------------+-------+-------++-------
Melee: Unarmed           |     1 |       ||     1
 Cast: Foxfire           |    81 |    22 ||   103
  Use: Scroll            |     2 |     1 ||     3
Armor: Robe              |     6 |       ||     6
Dodge: Dodged            |    19 |     9 ||    28

Table legend: (Time is in decaauts)
 A = Elapsed time spent in this place.
 B = Non-inter-level travel time spent in this place.
 C = Inter-level travel time spent in this place.
 D = Time resting spent in this place.
 E = Time spent auto-exploring this place.
 F = Levels seen in this place.
 G = Mean time per level.
                   A        B        C        D        E       F      G
               +--------+--------+--------+--------+--------+-----+--------+
         Total |   2496 |   2460 |     36 |      0 |   2118 |   3 |  832.0 |
       Dungeon |   2496 |   2460 |     36 |      0 |   2118 |   3 |  832.0 |
               +--------+--------+--------+--------+--------+-----+--------+

Top non-repeatable levels by time:
     D:1: 1404 daAuts
     D:2: 924 daAuts
     D:3: 167 daAuts
